 Dungeon Crawl Stone Soup version 0.23-a0-356-g1757c6e (webtiles) character file.

149 Cryolive the Digger (level 5, -1/28 HPs)
             Began as a Gargoyle Earth Elementalist on Oct 21, 2018.
             Slain by a scorpion (5 damage)
             ... on level 4 of the Dungeon.
             The game lasted 00:10:25 (2629 turns).

Cryolive the Digger (Gargoyle Earth Elementalist)   Turns: 2629, Time: 00:10:26

Health: -1/28      AC:  6    Str: 12    XL:     5   Next: 31%
Magic:  8/10       EV: 12    Int: 16    God:
Gold:   151        SH:  0    Dex: 10    Spells: 10/11 levels left

rFire    . . .     SeeInvis .   h - +0 mace
rCold    . . .     Gourm    .   (no shield)
rNeg     + . .     Faith    .   c - +0 robe
rPois    ∞         Spirit   .   (no helmet)
rElec    +         Reflect  .   (no cloak)
rCorr    .         Harm     .   (no gloves)
MR       .....                  (no boots)
Stlth    ++........             (no amulet)
HPRegen  0.09/turn              (no ring)
MPRegen  0.12/turn              (no ring)

@: no status effects
A: negative energy resistance 1, electricity resistance, unbreathing,
petrification resistance, rot immunity, AC +4
a: no special abilities


You were on level 4 of the Dungeon.
You were not hungry.

You visited 1 branch of the dungeon, and saw 4 of its levels.

You collected 151 gold pieces.

Inventory:

Hand Weapons
 h - a +0 mace (weapon)
Missiles
 b - 108 stones (quivered)
Armour
 c - a +0 robe (worn)
 k - a +2 pair of gloves
Jewellery
 l - an uncursed ring of see invisible {unknown}
Wands
 r - a wand of flame (26)
Scrolls
 a - a scroll of amnesia {unknown}
 g - a scroll of immolation {unknown}
 i - 2 scrolls of remove curse {unknown}
 j - 5 scrolls of identify {unknown}
 q - 2 scrolls of teleportation {unknown}
 t - a scroll of enchant weapon {unknown}
Potions
 e - a potion of lignification {unknown}
 f - a potion of mutation {unknown}
 m - 2 potions of haste {unknown}
 n - a potion of brilliance {unknown}
 o - 2 potions of heal wounds {unknown}
 p - a potion of magic {unknown}
 s - a potion of curing {unknown}
Comestibles
 d - 4 rations


   Skills:
 - Level 1.5 Dodging
 - Level 2.1 Stealth
 + Level 3.7 Spellcasting
   Level 0.7 Transmutations
 + Level 5.6 Earth Magic


You had 10 spell levels left.
You knew the following spells:

 Your Spells              Type           Power        Failure   Level  Hunger
a - Sandblast             Erth           ###...       1%          1    None

Your spell library contained the following spells:

 Spells                   Type           Power        Failure   Level  Hunger
 Passwall                 Tmut/Erth      ##......     7%          2    ##.....
 Confusing Touch          Hex            #.....       17%         1    None
 Stone Arrow              Conj/Erth      ##....       17%         3    ###....
 Petrify                  Tmut/Erth      ##......     43%         4    ####...
 Lee's Rapid Deconstruct  Erth           ###.......   43%         5    ######.
 Confuse                  Hex            #.......     45%         3    ###....
 Gell's Gravitas          Tloc           #.........   45%         3    ###....
 Metabolic Englaciation   Hex/Ice        #.........   99%         5    ######.
 Yara's Violent Unravell  Hex/Tmut       #.........   99%         5    ######.


Dungeon Overview and Level Annotations

Branches:
Dungeon (4/15)
 Temple: D:4-7

Altars:
Kikubaaqudgha
The Shining One
Lugonu

Portals:
Abyss: D:1


Innate Abilities, Weirdness & Mutations

You are resistant to torment.
Your stone body is resilient. (AC +4)
You are immune to poison.
You resist negative energy. (rN+)
You are resistant to electric shocks. (rElec)
You can survive without breathing.
You are immune to petrification.
You are immune to rotting.


Message History

You destroy the bullfrog skeleton!
Casting: Sandblast (safe; 1% risk of failure)
Confirm with . or Enter, or press ? or * to list all spells.
Aiming: Sandblast (safe; 1% risk of failure)
Press: ? - help, Shift-Dir - straight line, f - scorpion
Aim: a scorpion The blast of sand hits the scorpion.
The scorpion is lightly wounded.
b - 109 stones The scorpion closely misses you.
Casting: Sandblast (safe; 1% risk of failure)
Confirm with . or Enter, or press ? or * to list all spells.
Aiming: Sandblast (safe; 1% risk of failure)
Press: ? - help, Shift-Dir - straight line, f/p - scorpion
Aim: a scorpion (lightly wounded)
The blast of sand hits the scorpion.
The scorpion is moderately wounded.
b - 108 stones The scorpion stings you.
You die...

#..# #.....###.#
##.# #......# #.##
#..###.# #..# #...#
##.# ##..####.# #.#
#.......# #.##
#.####..# #..# #s# #
##.# #@# #.## #.#
#####..# #.#
#....#.## #.#
#....#..# #.#
#....##'######'#####
#........#........†#
#........#.........#
#
####.....#.........#


You could see a scorpion.

Vanquished Creatures
  A bullfrog skeleton (D:4)
  A worker ant (D:4)
  An adder (D:3)
  An ooze (D:1)
  4 worms
  A dart slug (D:2)
  3 leopard geckos
  3 ball pythons
  4 bats
  4 giant cockroaches
  9 goblins
  7 hobgoblins
  6 jackals
  6 kobolds
  A quokka (D:3)
  6 frilled lizards
  7 rats
65 creatures vanquished.

Notes
Turn   | Place    | Note
-------+----------+-------------------------------------------
     0 | D:1      | Cryolive the Gargoyle Earth Elementalist began the quest
                  | for the Orb.
     0 | D:1      | Reached XP level 1. HP: 10/10 MP: 3/3
    57 | D:1      | Found a one-way gate to the infinite horrors of the Abyss.
    57 | D:1      | Found a corrupted altar of Lugonu.
    57 | D:1      | Noticed a demonic crawler
    57 | D:1      | Noticed an iron imp
    57 | D:1      | Noticed an iron imp
    57 | D:1      | Noticed a quasit
    57 | D:1      | Noticed an iron imp
    57 | D:1      | Noticed an iron imp
    58 | D:1      | Noticed a demonic crawler
   228 | D:1      | Noticed a quasit
   228 | D:1      | Noticed a quasit
   627 | D:1      | Reached skill level 4 in Earth Magic
   627 | D:1      | Reached XP level 2. HP: 5/15 MP: 5/5
   968 | D:1      | Reached XP level 3. HP: 19/19 MP: 6/6
  1623 | D:2      | Found a glowing golden altar of the Shining One.
  1871 | D:3      | Reached XP level 4. HP: 11/24 MP: 6/8
  1930 | D:3      | Reached skill level 5 in Earth Magic
  2391 | D:4      | Found an ancient bone altar of Kikubaaqudgha.
  2456 | D:4      | Reached XP level 5. HP: 23/28 MP: 10/10
  2629 | D:4      | Slain by a scorpion

Vault maps used:
D:1:      erik_arrival_cave_to_civilisation
D:2:      nicolae_tso_swordbearing_angel
D:3:      first_ration
D:4:      kiku_gazebo_pond_becter

Skill      XL: |  1  2  3  4 |
---------------+-------------+-----
Earth Magic    | 4 5 |  5.6
Spellcasting   | 3 |  3.7
Dodging        | |  1.5
Stealth        | |  2.1
Transmutations | |  0.7

Action                   |  1- 3 |  4- 6 || total
-------------------------+-------+-------++-------
Melee: Unarmed           |    24 |       ||    24
       Whip              |    16 |       ||    16
       Mace              |    86 |    77 ||   163
 Cast: Sandblast         |    15 |    11 ||    26
 Stab: Sleeping          |     1 |     3 ||     4
  Eat: Ration            |     1 |     1 ||     2
Armor: Robe              |    51 |    31 ||    82
Dodge: Dodged            |   114 |    77 ||   191

Table legend:
 A = Non-vault XP
 B = Vault XP
 C = Vault XP percentage of total XP
 D = Non-vault monster count
 E = Vault monster count
 F = Vault count percentage of total count
                 A         B        C        D         E       F
            +---------+---------+-------+---------+---------+-------
      Total |     210 |       3 |   1.4 |      63 |       2 |   3.1
            +---------+---------+-------+---------+---------+-------
        D:1 |      34 |       3 |   8.1 |      16 |       2 |  11.1
        D:2 |      34 |       0 |   0.0 |      17 |       0 |   0.0
        D:3 |      63 |       0 |   0.0 |      25 |       0 |   0.0
        D:4 |      79 |       0 |   0.0 |       5 |       0 |   0.0
            +---------+---------+-------+---------+---------+-------
